[Event "Budapest One Week IM-B 03-2025"]
[Site "Budapest"]
[Date "2025.03.18"]
[Round "3.4"]
[White "Varga, Zoltan"]
[Black "Venkatesh, Narayan"]
[Result "1-0"]
[Annotator "TA"]
[ECO "A45"]
[WhiteElo "2305"]
[BlackElo "2203"]
[PlyCount "119"]
[EventDate "2025.03.17"]
[EventType "tourn"]
[EventCountry "HUN"]
[SourceTitle "playchess.com"]
[Source "ChessBase"]
[SourceQuality "1"]
[TimeControl "5400+30"]

1. d4 Nf6 2. g3 e6 3. Bg2 c5 4. Nf3 cxd4 5. Nxd4 Nc6 6. O-O Be7 7. e4 Nxd4 {[%emt 0:08:57] A46: 1 d4 Nf6 2 Nf3 e6: Torre, London and Colle Systems.} 8. Qxd4 d6 9. e5 $146 (9. Nc3 a6 10. e5 dxe5 11. Qxe5 O-O 12. h3 Qd6 13. Qxd6 Bxd6 14. Ne4 Nxe4 15. Bxe4 Rb8 16. Rd1 Bc7 17. Be3 e5 18. Kg2 Be6 {½-½ Valle,E (2032)-Garcia Mendez,E (2074) Bogota rapid op 2024 (6)}) 9... dxe5 {[%emt 0:00:53] The position is equal.} 10. Qxe5 O-O 11. Nc3 Bd6 12. Qe2 Qe7 13. Rd1 Rd8 14. Nb5 Bc5 15. Rxd8+ Qxd8 16. Bf4 a6 (16... e5 $142 17. Bxe5 (17. Qxe5 Bxf2+ 18. Kh1 Bb6 $11) 17... Bg4) 17. Rd1 $16 Bd7 18. Nd6 Bxd6 19. Rxd6 Qc8 {[%emt 0:03:44] Black is weak on the dark squares} (19... Qe7 $16 {keeps fighting.} 20. c4 (20. Bxb7 Bb5 $11) 20... Re8) 20. Be5 Bb5 21. Qd2 Nd5 22. b3 Bc6 23. c4 {[%emt 0:00:06] White has a queen side majority} Ne7 24. Qg5 (24. Bxc6 {simplifies} Nxc6 25. Bb2 Qf8 26. Qc3) 24... Nf5 {[%emt 0:05:48] [#]} 25. Bxc6 bxc6 26. Rd3 h6 27. Qd2 {[%emt 0:01:40] White has more active pieces.} c5 {[%emt 0:00:29] [#]} ({Better is} 27... f6 $14 28. Bc3 e5) 28. g4 $1 Nh4 29. Bg3 Ng6 30. Rd7 Qc6 31. Qd3 {[%emt 0:00:52] Prevents Qe4} Rc8 {[%emt 0:00:56] Prevents Rc7} 32. h4 e5 33. Rd6 $40 {[%emt 0:03:22][%mdl 128] White has strong attack.} Qb7 (33... Qa8 $16 34. h5 Nf4 35. Bxf4 exf4) 34. Qf5 $18 Rf8 35. h5 (35. Bxe5 $2 {is the wrong capture.} Nxh4 36. Rd5 Nxf5 $19) 35... Nf4 36. Bxf4 (36. Qxe5 $2 Qg2#) 36... exf4 37. Qxf4 {[%emt 0:00:01][%mdl 4096] Endgame KQR-KQR. White is a pawn up.} Re8 {[%emt 0:00:20] ( -> ...Re1+)} 38. Rd5 Qe7 39. Kg2 a5 40. Qf5 a4 (40... Qb7 $142 41. Kg3 Qc7+ 42. Kg2 Qc6) 41. bxa4 Qb7 42. a5 Qa8 43. Qd7 Rb8 {[%emt 0:00:50] Wards off a6} 44. Qc7 Rc8 45. Qb6 Kh7 (45... Rb8 $142 46. Qxc5 Rc8) 46. Kg3 {[%emt 0:02:16][%cal Oa5a6] Black must now prevent a6!.} Rc6 47. Qb1+ Kg8 48. Qd3 Rc8 {[%emt 0:00:11] Prevents Rd8+.} 49. Qf5 Qb8+ 50. Kg2 Qa8 51. Qd7 Rb8 $1 52. Qc7 (52. Qd6 $18 {is the precise move to win.}) 52... Rc8 $16 53. Qb6 (53. Qf4 $16) 53... Kh7 $1 $18 54. a6 Rc6 55. Qb1+ g6 56. Qb7 Qe8 {[%emt 0:00:46] [#]} 57. Re5 $3 Re6 (57... Qxe5 58. Qxc6) 58. hxg6+ {[%emt 0:00:09] White mates.} Kxg6 59. Qe4+ Kg7 60. Rxe6 {[%emt 0:00:05] Weighted Error Value: White=0.31/Black=0.51  Missed win:     	White=1     	---        Mistake:       	White=1     	Black=6      Inaccurate:     	White=3     	Black=5      OK:         	White=20    	Black=21     Best:        	White=3     	Black=1      Strong:       	White=1     	Black=2} 1-0

[Event "Budapest One Week IM-B 03-2025"]
[Site "Budapest"]
[Date "2025.03.18"]
[Round "3.5"]
[White "Jing, Andrew"]
[Black "Turcsanyi, Vince Gergo"]
[Result "1/2-1/2"]
[Annotator "NA RC"]
[ECO "E11"]
[WhiteElo "2198"]
[BlackElo "2285"]
[PlyCount "99"]
[EventDate "2025.03.17"]
[EventType "tourn"]
[EventCountry "HUN"]
[SourceTitle "playchess.com"]
[Source "ChessBase"]
[SourceQuality "1"]
[TimeControl "5400+30"]

1. d4 Nf6 2. Nf3 e6 3. c4 Bb4+ 4. Nbd2 O-O 5. g3 d6 6. Bg2 a5 7. O-O a4 8. Nb1 Bd7 9. Bd2 Bxd2 10. Qxd2 Bc6 11. Rd1 Qe7 12. Nc3 e5 13. e3 Ne4 14. Qc2 Nxc3 15. Qxc3 Bxf3 16. Bxf3 e4 17. Bg2 f5 18. b4 Rf6 19. f4 Nd7 20. c5 d5 21. b5 h6 22. Rab1 g5 23. Rf1 Nf8 24. Bh3 Qh7 25. Kh1 Ne6 26. Rb2 Kf7 27. Rbf2 g4 28. Bg2 h5 29. h4 gxh3 30. Bxh3 Ng7 31. Rg1 Rg6 32. Rfg2 Ke6 33. a3 Ne8 34. Qd2 Nf6 35. Qe2 Rag8 36. Qd1 Ra8 37. Rh2 Ng4 38. Bxg4 Rxg4 39. Rh4 Rag8 40. Kh2 R8g6 41. Qe1 Kd7 42. Qd1 Ke6 43. Qe1 Kd7 44. Qd1 Ke7 45. Qe1 Qh8 46. Qf2 Kf7 47. Qa2 Ke6 48. Qf2 Rg7 49. Qf1 Qe8 50. Qe2 1/2-1/2

[Event "Budapest One Week IM-B 03-2025"]
[Site "Budapest"]
[Date "2025.03.19"]
[Round "4.1"]
[White "Pribelszky, Bence"]
[Black "Turcsanyi, Vince Gergo"]
[Result "0-1"]
[Annotator "TA"]
[ECO "B10"]
[WhiteElo "2400"]
[BlackElo "2285"]
[PlyCount "76"]
[EventDate "2025.03.17"]
[EventType "tourn"]
[EventCountry "HUN"]
[SourceTitle "playchess.com"]
[Source "ChessBase"]
[SourceQuality "1"]
[TimeControl "5400+30"]

1. e4 c6 2. Nf3 d5 3. e5 c5 4. c4 d4 5. Bd3 Qc7 $146 ({Predecessor:} 5... Nc6 6. Be4 g6 7. Bxc6+ bxc6 8. h3 Bg7 9. O-O a5 10. Qa4 Qb6 11. d3 Bf5 {½-½ Ponkratov,P (2625)-Bryakin,M (2459) Moscow-ch blitz 74th 2020 (3)}) 6. h3 {[%emt 0:10:09] B10: Caro-Kann: 2 d3 and 2 c4.} e6 7. O-O Ne7 8. Re1 {[%emt 0:01:07] The position is equal.} Nd7 9. Qe2 Nc6 10. Bc2 b6 11. Be4 Bb7 12. d3 g6 13. Bf4 Bg7 14. Nbd2 O-O-O (14... a5 $11 {remains equal.}) 15. a3 $1 $16 h6 16. b4 g5 17. Bg3 Bf8 18. Nb3 (18. b5 $142 Na5 19. Bxb7+ Qxb7 20. Ne4) 18... Be7 (18... cxb4 $142 19. Nfxd4 (19. Nbxd4 Nxd4 20. Nxd4 a6 $16) 19... Nxd4 20. Nxd4 a6) 19. b5 Na5 20. Nxa5 bxa5 21. Nd2 h5 22. Bxb7+ Qxb7 23. Nb3 Qc7 24. a4 (24. Qf3 $18) 24... Rdg8 25. Qe4 (25. Qf3 Rg7 26. Qa8+ Nb8 $11) 25... Nb8 (25... Rg7 $16 26. Qa8+ Nb8) 26. Reb1 Rg7 27. Ra2 Rhg8 28. Kh1 h4 29. Bh2 g4 30. Bf4 ({White should try} 30. f4) 30... Bg5 31. Re2 $2 (31. hxg4 Bxf4 32. Qxf4 Rxg4 $17) (31. Bxg5 $14 {stays ahead.} Rxg5 32. Re2) 31... Bxf4 $17 32. Qxf4 f5 {[%emt 0:00:22] Prevents Qe4} 33. f3 $2 (33. Rf1 $17 {keeps fighting.}) 33... gxh3 $19 34. gxh3 {[%emt 0:00:02] [#]} (34. Rbb2) 34... Rg3 $1 {[%emt 0:00:13] Threatens to win with ...Qg7.} 35. Rbb2 $2 (35. Rh2) 35... Rg1+ 36. Kh2 {[%emt 0:00:02] [#]} Qg7 {[%emt 0:00:06][%cal Og1h1] ( -> ...Rh1+!) Repels Rg2} (36... Nd7 37. Rg2 R8xg2+ (37... Qxe5 38. Qxe5 R8xg2+ 39. Rxg2 $16) (37... R1xg2+ 38. Rxg2 Rxg2+ 39. Kxg2 $11) 38. Rxg2 Rxg2+ (38... Qxe5 39. Qxe5 Rxg2+ 40. Kxg2 $16) 39. Kxg2 $11) 37. Nxd4 {[%emt 0:00:57] [#]} Rh1+ $3 38. Kxh1 Qg1# {[%emt 0:00:04] Weighted Error Value: White=0.61/Black=0.14 (very precise)   Loses game:     	White=2     	---        Mistake:       	White=6     	Black=3      Inaccurate:     	White=2     	Black=1      OK:         	White=10    	Black=15     Best:        	---       	Black=2      Strong:       	White=1     	Black=1} 0-1

[Event "Budapest One Week IM-B 03-2025"]
[Site "Budapest"]
[Date "2025.03.19"]
[Round "4.2"]
[White "Venkatesh, Narayan"]
[Black "Jing, Andrew"]
[Result "1/2-1/2"]
[Annotator "TA"]
[ECO "E73"]
[WhiteElo "2203"]
[BlackElo "2198"]
[PlyCount "93"]
[EventDate "2025.03.17"]
[EventType "tourn"]
[EventCountry "HUN"]
[SourceTitle "playchess.com"]
[Source "ChessBase"]
[SourceQuality "1"]
[TimeControl "5400+30"]

1. d4 Nf6 2. c4 g6 3. Nc3 Bg7 4. e4 d6 5. Be2 O-O 6. Be3 Nc6 7. d5 Ne5 {[%emt 0:00:07] E73: King's Indian: Averbakh Variation without 6...c5.} 8. f4 $1 {[%emt 0:00:08] 8.f4 scores better than 8.h3.} Neg4 9. Bd2 Nh6 {[%emt 0:00:04] White is slightly better.} 10. Nf3 c6 11. a4 e6 12. dxe6 fxe6 13. a5 Nf7 $146 (13... Nh5 14. g3 e5 15. fxe5 dxe5 16. Bg5 Qc7 17. c5 Nf7 18. Bc4 Kh8 19. Be3 Bh3 {0-1 Agmanov,Z (2403)-Adhiban,B (2538) Wch Rapid Almaty 2022 (7)}) 14. O-O e5 15. fxe5 dxe5 16. Be3 Qc7 17. Kh1 Be6 18. Qc2 Ng4 19. Bg1 Bh6 20. Nd1 {[%emt 0:02:54] Repels Ne3} Ng5 21. c5 Nxf3 22. Bxf3 a6 23. h3 (23. Bxg4 $5 Bxg4 24. Qc4+ Kh8 25. Ne3 $14) 23... Nf6 24. Ne3 Rad8 25. Be2 Kg7 26. Bc4 Bc8 27. Rf3 Nh5 {[%emt 0:02:23] [#]} 28. Raf1 Rxf3 {[%emt 0:00:28] Successful Defense Black} (28... Qxa5 $15 29. Rxf8 (29. Rf7+ $2 Kh8 $17) 29... Rxf8 30. Rxf8 Kxf8) 29. Rxf3 $11 Bf4 30. Qf2 {[%emt 0:04:34] Wards off Ng3+} (30. Nf1 $1 $11 {keeps the balance.}) 30... Rf8 (30... Qxa5 31. g4 Rd2 32. Qf1 $14) (30... Nf6 $17 31. Qc2 Qxa5) 31. Nf1 Qe7 (31... Qxa5 32. g3 $14) 32. b4 Bg5 33. Bh2 Rxf3 34. Qxf3 Nf4 35. Qd1 Be6 36. Nd2 Qd7 37. Bxe6 Qxe6 38. Nf3 Bf6 39. Bxf4 exf4 {[%emt 0:00:02][%mdl 4096] Endgame KQB-KQN} 40. Qd3 h5 41. Nd2 Qe5 42. Qd7+ (42. Nf3 $11 Qe7 43. Qe2) 42... Qe7 $15 43. Qxe7+ ({White should try} 43. Qd3) 43... Bxe7 $17 44. Nc4 Kf8 (44... Bf6 $17 45. Kg1 Bc3) 45. Nd6 (45. Ne5 $11 g5 46. h4) 45... Bf6 46. Nxb7 {[%emt 0:02:11][%cal Oe4e5] [#]} Bc3 ({Black should play} 46... Ke7 $1 $17 {Threatens to win with ...g5.} 47. Kg1 g5 (47... Bc3 48. Kf2 $11)) 47. Nd8 $1 {[%emt 0:00:58] Weighted Error Value: White=0.19 (very precise) /Black=0.16 (very precise)   Mistake:       	White=4     	Black=4      Inaccurate:     	White=5     	Black=5      OK:         	White=10    	Black=19     Best:        	---       	Black=1      Strong:       	White=1     	---} 1/2-1/2

[Event "Budapest One Week IM-B 03-2025"]
[Site "Budapest"]
[Date "2025.03.19"]
[Round "4.3"]
[White "Shah, Vishwa"]
[Black "Varga, Zoltan"]
[Result "1/2-1/2"]
[Annotator "TA"]
[ECO "B01"]
[WhiteElo "2172"]
[BlackElo "2305"]
[PlyCount "22"]
[EventDate "2025.03.17"]
[EventType "tourn"]
[EventCountry "HUN"]
[SourceTitle "playchess.com"]
[Source "ChessBase"]
[SourceQuality "1"]
[TimeControl "5400+30"]

1. e4 d5 2. exd5 Qxd5 3. Nc3 Qd6 4. d4 Nf6 5. Nb5 Qd8 6. c4 {[%emt 0:00:38] B01: Scandinavian Defence.} g6 (6... a6 $11 7. Nc3 e5 8. dxe5 Nfd7) 7. Bf4 {[%emt 0:04:04] White is more active.} Na6 8. Nf3 Bg7 9. Be2 Ne4 $146 (9... O-O 10. O-O c5 11. dxc5 Ne4 12. Qc2 Nexc5 13. Rad1 Bf5 14. Rxd8 Bxc2 15. Rxa8 Rxa8 {0-1 Kobalia,M (2614)-Ponkratov,P (2631) Titled Tuesday intern op 25th Aug blitz 2020 (6)}) 10. Bd3 Nd6 11. Nxd6+ cxd6 {[%emt 0:00:21] Weighted Error Value: White=0.13 (very precise) /Black=0.21 (precise)   Mistake:       	---       	Black=1      Inaccurate:     	White=1     	---        OK:         	White=2     	Black=2} 1/2-1/2

[Event "Budapest One Week IM-B 03-2025"]
[Site "Budapest"]
[Date "2025.03.19"]
[Round "4.5"]
[White "Mrithyunjay Mahadevan"]
[Black "Luebke, Florentin"]
[Result "1/2-1/2"]
[Annotator "TA"]
[ECO "B27"]
[WhiteElo "2295"]
[BlackElo "2233"]
[PlyCount "110"]
[EventDate "2025.03.17"]
[EventType "tourn"]
[EventCountry "HUN"]
[SourceTitle "playchess.com"]
[Source "ChessBase"]
[SourceQuality "1"]
[TimeControl "5400+30"]

1. e4 c5 2. Nf3 g6 3. c3 d5 4. exd5 Nf6 5. Bb5+ Bd7 $146 (5... Nbd7 6. d4 cxd4 7. Qxd4 Bg7 8. O-O O-O 9. d6 e6 10. Na3 a6 11. Bxd7 Bxd7 {1-0 Petr,M (2479)-Zwardon,V (2498) CZE-ch Bystrice nad Pernstejnem 2023 (8)}) 6. Bxd7+ {[%emt 0:00:06] B27: Sicilian: 2 Nf3, unusual Black 2nd moves.} Qxd7 7. c4 Qg4 {[%emt 0:07:45] [#]} ({Black should try} 7... Bg7) 8. Qa4+ (8. Qb3 $1 $16 Qe4+ 9. Kd1) 8... Nbd7 $14 9. O-O Nxd5 10. Ne5 N5b6 11. Nxg4 {[%emt 0:07:23] A sharp opening} (11. Qb5 $11 Qd4 (11... a6 12. Qxb6 Nxe5 13. Qxb7 $11) 12. Nxd7 Qxd7 13. Qxc5) 11... Nxa4 $15 12. Nc3 Nxc3 13. dxc3 f5 14. Ne3 e6 {[%emt 0:00:43] Prevents Nd5.} 15. Re1 $1 Kf7 16. Nf1 Bg7 17. Be3 b6 18. Rad1 Rhd8 19. Bf4 {[%emt 0:03:07] Strongly threatening Bc7. Dodges Ne5} Nf6 20. Nd2 h6 (20... Nh5 $15 {is more appropriate.} 21. Bg5 Rd7) 21. h4 Nh5 22. Bh2 Rd3 {[%emt 0:01:18] ...Rad8 would now be deadly.} 23. Nf3 Rad8 24. Rxd3 Rxd3 25. Kf1 Rd7 26. a4 a5 27. Ke2 Ke8 28. Ne5 Bxe5 29. Bxe5 $14 {[%emt 0:00:03][%cal Ob2b4][%mdl 4096] Endgame KRB-KRN} Ke7 30. Rd1 Rb7 (30... Rxd1 $1 $11 {keeps the balance.} 31. Kxd1 Nf6) 31. f3 f4 32. Rd3 {[%emt 0:01:12] White is more active.} (32. Kd3 $16) 32... g5 $11 33. hxg5 hxg5 34. Kf2 Nf6 35. g3 Nh5 36. gxf4 (36. g4 $5 Nf6 $8 37. Rd1 $11) 36... Nxf4 37. Rd1 Rd7 {[%emt 0:01:09] [#]} (37... Ng6 $11 38. Bg3 Rd7 39. Rxd7+ Kxd7) 38. Bf6+ $1 $16 Ke8 39. Rxd7 Kxd7 {[%emt 0:00:02] KB-KN} 40. Ke3 {[%emt 0:00:23] Prevents Nd3.} Nh3 41. b3 Kd6 42. Bd8 Kc6 43. Ke4 Nf2+ (43... Kb7 $16 {keeps fighting.}) 44. Ke5 $18 Nd3+ 45. Ke4 (45. Kxe6 $18 Ne1 46. Bxg5 Nxf3 47. Be3) 45... Nf2+ $16 46. Ke3 Nh3 {[%emt 0:00:11] [#]} 47. Ke2 $1 Kb7 48. Kf1 Kc6 49. Ke2 Kb7 $1 50. Kd2 {[%emt 0:00:08] White is better.} Kc6 51. Ke3 Kb7 52. Ke2 Kc6 53. Kf1 Kb7 54. Kg2 Nf4+ 55. Kf2 Kc6 {[%emt 0:00:38] Weighted Error Value: White=0.18 (very precise) /Black=0.16 (very precise)   Mistake:       	White=4     	Black=5      Inaccurate:     	White=3     	Black=3      OK:         	White=21    	Black=18     Best:        	White=3     	Black=6      Strong:       	White=2     	Black=1} 1/2-1/2

[Event "Budapest One Week IM-B 03-2025"]
[Site "Budapest"]
[Date "2025.03.19"]
[Round "5.1"]
[White "Luebke, Florentin"]
[Black "Pribelszky, Bence"]
[Result "0-1"]
[Annotator "TA"]
[ECO "A11"]
[WhiteElo "2233"]
[BlackElo "2400"]
[PlyCount "80"]
[EventDate "2025.03.17"]
[EventType "tourn"]
[EventCountry "HUN"]
[SourceTitle "playchess.com"]
[Source "ChessBase"]
[SourceQuality "1"]
[TimeControl "5400+30"]

1. e4 a6 2. c4 Nc6 3. d4 e5 4. d5 $146 (4. Nf3 exd4 5. Nxd4 Bb4+ 6. Bd2 Bxd2+ 7. Qxd2 Qe7 8. Nc3 Nf6 9. f3 O-O 10. Be2 {1-0 Pottinger,C (1809)-Adol,D (1783) Winnipeg TNT February op 2007 (3)}) 4... Nd4 5. Nf3 c5 6. dxc6 {[%emt 0:07:51] B00: Queen's Fianchetto Defence, Nimzowitsch Defence.} (6. Nxe5 $14 Qe7 7. Ng4) 6... dxc6 $11 7. h3 Nf6 8. Bd3 {[%emt 0:03:26] Black is slightly better.} Bb4+ 9. Nbd2 Nh5 10. g3 {[%emt 0:11:56] Repels Nf4} Nf6 11. a3 Nxf3+ 12. Qxf3 Be7 13. b3 Qd4 14. Rb1 Be6 15. Bb2 Qd7 {[%emt 0:00:06] [#]} 16. Bf1 Qc7 17. Bg2 h5 18. Qc3 Nd7 19. O-O h4 20. f4 (20. g4 $15) 20... Bc5+ (20... f6 $17) 21. Kh1 Bd4 22. Qf3 Bxb2 23. Rxb2 {[%emt 0:00:15] Threatens to win with f5.} f6 24. f5 Bf7 25. g4 Ke7 ({Black should try} 25... O-O-O $11) 26. Qf2 (26. Rc1 $14 {deserves consideration.}) 26... Qa5 27. Nb1 Qc5 $36 {[%emt 0:00:42][%mdl 2048] Black has the initiative.} 28. Qe2 (28. Qe1 $11) 28... a5 $15 29. Rc1 Rhd8 30. Qe1 Qd4 31. Rd2 Qb6 (31... Qa7 $1 $15) 32. b4 (32. Qxh4 $11 {remains equal.} Qxb3 33. Qf2) 32... axb4 $17 33. axb4 Ra4 34. Rb2 Nc5 {[%emt 0:07:50] Black is more active.} 35. Nc3 {[%emt 0:00:59] [#]} Ra6 (35... Rxb4 $2 36. Rxb4 Qc7 (36... Qxb4 $2 37. Nd5+ cxd5 38. Qxb4 $18) 37. Rcb1 $18 (37. Qxh4 Nd3 $18)) 36. Bf1 Nd3 37. Bxd3 {[%emt 0:00:31] Loses the game.} (37. c5 $17 {is the only way for White.} Nxe1 38. cxb6) 37... Rxd3 $19 38. c5 (38. b5 $142 Bxc4 (38... Rxh3+ 39. Kg2 $11) 39. g5) 38... Qd8 {[%emt 0:00:41] aiming for ...Ra3.} (38... Rxh3+ $2 {is the wrong capture.} 39. Kg2 Qd8 40. Kxh3 $18) 39. Rd1 (39. Ne2 $142 Rxh3+ 40. Kg2) 39... Ra3 ({Weaker is} 39... Rxh3+ 40. Kg2 Rd3 41. Rbd2 (41. Nd5+ Rxd5 42. exd5 Bxd5+ 43. Kh2 Qa8 $17) 41... Rg3+ 42. Kh2 $15 (42. Qxg3 Qxd2+ 43. Rxd2 hxg3 $11)) 40. Nb1 Rxd1 {[%emt 0:00:07] Weighted Error Value: White=0.55/Black=0.11 (very precise)   Loses game:     	White=1     	---        Mistake:       	White=6     	Black=3      Inaccurate:     	White=3     	Black=1      OK:         	White=11    	Black=12     Best:        	White=2     	Black=6} 0-1

[Event "Budapest One Week IM-B 03-2025"]
[Site "Budapest"]
[Date "2025.03.19"]
[Round "5.2"]
[White "Kustar, Sandor"]
[Black "Mrithyunjay Mahadevan"]
[Result "1/2-1/2"]
[Annotator "NA RC"]
[ECO "D37"]
[WhiteElo "2231"]
[BlackElo "2295"]
[PlyCount "69"]
[EventDate "2025.03.17"]
[EventType "tourn"]
[EventCountry "HUN"]
[SourceTitle "playchess.com"]
[Source "ChessBase"]
[SourceQuality "1"]
[TimeControl "5400+30"]

1. d4 Nf6 2. Nf3 d5 3. c4 e6 4. Nc3 dxc4 5. e3 a6 6. a4 c5 7. Bxc4 Nc6 8. O-O cxd4 9. exd4 Be7 10. d5 Na5 11. Ba2 exd5 12. Nxd5 Nxd5 13. Bxd5 O-O 14. Bf4 Be6 15. Bxe6 fxe6 16. Bg3 Qb6 17. Qd7 Bf6 18. Rfe1 Rfe8 19. Be5 Rad8 20. Qc7 Qxc7 21. Bxc7 Rd5 22. Rad1 Rxd1 23. Rxd1 Nc6 24. b3 Rc8 25. Bb6 Nb4 26. h4 Rc3 27. Bd4 Bxd4 28. Rxd4 Nc6 29. Rd7 Rxb3 30. Ng5 Rb1+ 31. Kh2 Rb4 32. Kh3 Rxa4 33. Rxb7 Rf4 34. Rb6 Nd8 35. Rxa6 1/2-1/2

[Event "Budapest One Week IM-B 03-2025"]
[Site "Budapest"]
[Date "2025.03.19"]
[Round "5.3"]
[White "Varga, Zoltan"]
[Black "Ongut, Tamas Gunes"]
[Result "1/2-1/2"]
[Annotator "TA"]
[ECO "E10"]
[WhiteElo "2305"]
[BlackElo "2290"]
[PlyCount "41"]
[EventDate "2025.03.17"]
[EventType "tourn"]
[EventCountry "HUN"]
[SourceTitle "playchess.com"]
[Source "ChessBase"]
[SourceQuality "1"]
[TimeControl "5400+30"]

1. d4 Nf6 2. c4 e6 3. Nf3 d5 4. g3 dxc4 5. Qa4+ Nbd7 6. Bg2 a6 7. Qxc4 b5 8. Qd3 Bb7 9. O-O {[%emt 0:00:06] E03: Open Catalan: 5 Qa4+ Nbd7 6 Qxc4.} Be7 10. a4 O-O 11. Ne1 Bxg2 12. Nxg2 c5 $146 (12... b4 13. Nd2 c5 14. Nb3 Qc8 15. dxc5 Nxc5 16. Nxc5 Rd8 17. Qb3 Qxc5 18. Be3 Qf5 {½-½ Akhras,K (2244)-Dogdu,M (2016) Istanbul op 2014 (4)}) 13. axb5 axb5 14. Rxa8 Qxa8 15. dxc5 b4 16. Be3 Nxc5 17. Bxc5 Bxc5 18. Nd2 Rd8 19. Qc2 Qa7 20. e3 h6 21. Nb3 {[%emt 0:04:09] Weighted Error Value: White=0.09 (flawless) /Black=0.10 (very precise)   Inaccurate:     	White=1     	---        OK:         	White=3     	Black=4      Best:        	White=2     	---} 1/2-1/2

[Event "Budapest One Week IM-B 03-2025"]
[Site "Budapest"]
[Date "2025.03.19"]
[Round "5.4"]
[White "Jing, Andrew"]
[Black "Shah, Vishwa"]
[Result "1-0"]
[Annotator "TA"]
[ECO "A58"]
[WhiteElo "2198"]
[BlackElo "2172"]
[PlyCount "105"]
[EventDate "2025.03.17"]
[EventType "tourn"]
[EventCountry "HUN"]
[SourceTitle "playchess.com"]
[Source "ChessBase"]
[SourceQuality "1"]
[TimeControl "5400+30"]

1. d4 Nf6 2. c4 c5 3. d5 b5 4. cxb5 a6 5. bxa6 g6 6. Nc3 Bg7 7. g3 O-O 8. Bg2 d6 9. Nf3 Nbd7 {[%emt 0:00:07][%cal Bb8d7,Bd7b6,Bb6c4][%mdl 32] A58: Benko/Volga Gambit: Lines with 5 bxa6.} 10. O-O Nb6 11. a4 Bxa6 {[%emt 0:01:57] White is slightly better.} 12. Nd2 Qd7 $146 {[%emt 0:07:16] Black sacrificed a pawn} (12... Nbd7 13. Ra3 Qa5 14. Na2 Rfb8 15. b3 Ra7 16. Bb2 Ne4 17. Bxg7 Qxd2 18. Bxe4 Qxd1 19. Rxd1 Kxg7 {½-½ Kruse,H (2388)-Podgursky,A (2458) FICGS class M 000013 email 2016 (1)}) 13. a5 Nc4 14. Nxc4 Bxc4 15. Ra3 Rfb8 16. b3 $1 Bb5 (16... Ba6 $14 {deserves consideration.}) 17. Bd2 Ne8 18. Nxb5 Qxb5 19. Qc2 Nc7 20. Bf3 Na6 21. Qa2 $1 Nb4 (21... Rb7 $142) 22. Bxb4 $16 Qxb4 23. Rc1 {[%emt 0:02:56] White is weak on the dark squares} (23. e3 $16) 23... Qd4 (23... Ra6 $11) 24. Rc2 Ra7 25. Kg2 Qb4 26. e3 Bc3 27. a6 Bf6 28. Be2 (28. Rc1 $16) 28... Kg7 (28... Qe4+ $1 $11 29. Bf3 Qf5) 29. Bc4 Qb6 30. Ra5 Qb4 31. Qa4 Bc3 32. Qxb4 Bxb4 33. Rb5 Rxb5 34. Bxb5 $18 {[%emt 0:00:04][%mdl 4096] Endgame KRB-KRB. White is a pawn up.} Ba5 35. Ra2 Bb6 36. Bc6 Rc7 37. Kf3 Kf6 38. Ke4 e5 39. Kd3 Ke7 40. e4 Kd8 41. f4 f6 42. Kc4 {[%emt 0:00:21] and fxe5 would now be decisive} Ba7 {[%emt 0:04:51] [#]} (42... Rf7 $142 43. Rf2 (43. Kb5 Ba7 $18) 43... Re7 44. fxe5 Rxe5) 43. fxe5 $1 fxe5 {[%emt 0:00:23] [#]} 44. Rf2 {[%emt 0:00:06] Inhibits Rf7.} Ke7 {[%emt 0:00:03] Against Rf8} 45. Bb7 Rd7 $2 (45... h5 {was called for.} 46. Rf3 Bb8) 46. Bc8 Rc7 47. Be6 Ke8 48. h4 Rg7 49. g4 h6 50. Rf6 Bb6 51. Bc8 Kd8 52. Rxd6+ Kxc8 53. Rxb6 {[%emt 0:00:06] Weighted Error Value: White=0.11 (very precise) /Black=0.50  Mistake:       	White=2     	Black=6      Inaccurate:     	---       	Black=1      OK:         	White=12    	Black=14     Best:        	White=3     	---        Strong:       	White=3     	---} 1-0